 Dungeon Crawl Stone Soup version 0.28.0 (webtiles) character file.

Game seed: 9927751688331565359

7926 freelancePsychic the Fighter (level 11, -5/108 HPs)
             Began as a Gargoyle Fighter on Feb 13, 2022.
             Slain by Snorg (8 damage)
             ... on level 10 of the Dungeon.
             The game lasted 00:20:34 (10097 turns).

freelancePsychic the Fighter (Gargoyle Fighter)    Turns: 10097, Time: 00:20:34

Health: -5/108     AC: 25    Str: 19    XL:     11   Next: 22%
Magic:  0/11       EV:  2    Int: 16    God:
Gold:   665        SH:  0    Dex: 17    Spells: 10/10 levels left

rFire   + + .      SeeInvis .   a - +4 mace of Outrage {spect, Will- Int+6 Dex+4}
rCold   + . .      Faith    .   c - +0 buckler
rNeg    + . .      Spirit   +   (armour currently unavailable)
rPois   ∞          Reflect  .   (helmet currently unavailable)
rElec   +          Harm     .   (cloak currently unavailable)
rCorr   +          Rampage  .   (gloves currently unavailable)
Will    .....      NoTele   +   (boots currently unavailable)
Stlth   +.........              r - amulet of guardian spirit
HPRegen 0.28/turn               n - +4 ring of evasion
MPRegen 0.12/turn               o - ring of protection from fire

@: confused, mighty, brilliant, tree-form, resistant, attractive
A: stationary, stasis, torment immunity, boosted hp, sickness immunity, AC +8,
negative energy resistance 1, (electricity resistance), torment resistance 1,
petrification resistance
a: no special abilities


You were on level 10 of the Dungeon.
You were a tree.
You visited 1 branch of the dungeon, and saw 10 of its levels.

You collected 665 gold pieces.

Inventory:

Hand Weapons
 a - the +4 mace of Outrage (weapon) {spect, Will- Int+6 Dex+4}
   (You found it on level 6 of the Dungeon)

   When its wielder attacks, the weapon's spirit leaps out and strikes again.
   The spirit shares a part of any damage it takes with its wielder.
   Int:       It affects your intelligence (+6).
   Dex:       It affects your dexterity (+4).
   Will:      It decreases your willpower.
 b - a +3 hunting sling of freezing
Missiles
 j - 8 poisoned darts (quivered)
 H - 38 sling bullets
Armour
 c - a +0 buckler (worn)
 d - a +0 helmet (melded)
 i - a +0 scale mail
 B - a +0 cloak
 D - a scarf of invisibility (melded)
 G - +0 steam dragon scales (melded)
Jewellery
 n - a +4 ring of evasion (left branch)
 o - a ring of protection from fire (right branch)
 r - an amulet of guardian spirit (around neck)
 x - a ring of positive energy
 F - a ring of fire
 I - an amulet of regeneration
Wands
 l - a wand of acid (25)
 m - a wand of flame (4)
Scrolls
 h - a scroll of teleportation {@r4}
 p - 3 scrolls of enchant weapon
 q - a scroll of amnesia
 t - a scroll of magic mapping
 w - 4 scrolls of fog
 y - 2 scrolls of identify {@r1}
 A - a scroll of immolation
Potions
 g - 5 potions of heal wounds {@q2}
 k - 2 potions of brilliance
 s - a potion of lignification
 u - a potion of ambrosia {unknown}
 z - a potion of curing {unknown}
 C - a potion of haste {unknown}
 E - 2 potions of flight


   Skills:
 + Level 10.0 Fighting
 - Level 7.9(9.5) Axes
 * Level 8.8(10.4) Maces & Flails
 + Level 1.6(2.9) Slings
 - Level 3.8(4.0) Throwing
 - Level 4.3 Armour
 - Level 3.3 Shields
 + Level 5.6 Evocations


You had 10 spell levels left.
You didn't know any spells.
Your spell library contained the following spells:

 Spells                   Type           Power      Damage    Failure   Level
 Animate Skeleton         Necr           0%         N/A       32%         1
 Pain                     Necr           0%         1d4       32%         1
 Summon Small Mammal      Summ           0%         N/A       32%         1
 Call Canine Familiar     Summ           0%         N/A       69%         3
 Gell's Gravitas          Tloc           0%         N/A       69%         3
 Ignite Poison            Fire/Tmut/Pois 0%         N/A       69%         3
 Mephitic Cloud           Conj/Pois/Air  0%         N/A       69%         3
 Stone Arrow              Conj/Erth      0%         3d7       69%         3
 Summon Guardian Golem    Hex/Summ       0%         N/A       69%         3
 Teleport Other           Tloc           0%         N/A       69%         3
 Vampiric Draining        Necr           0%         2d6       69%         3
 Animate Armour           Summ/Erth      0%         N/A       97%         4
 Freezing Cloud           Conj/Ice/Air   0%         6-21      100%        5
 Dispersal                Tloc           0%         N/A       100%        6
 Lehudib's Crystal Spear  Conj/Erth      0%         10d2      100%        8


Dungeon Overview and Level Annotations

Branches:
Dungeon (10/15)            Temple (0/1) D:7            Lair (0/6) D:9
    Orc: D:9-12

Altars:
Ashenzari
Cheibriados
Dithmenos
Hepliaklqana
Makhleb
Nemelex Xobeh
Qazlal
Ru
Xom
Beogh

Annotations:
D:5 exclusion: door
D:9 2 transporters, pkoi's ghost, journeyman MiGl
D:10 Snorg


Innate Abilities, Weirdness & Mutations

You are a tree.
Your roots penetrate the ground, keeping you stationary.
You cannot be teleported.
You are immune to unholy pain and torment.
Your maximum health is greatly increased.
Your equipment is partially melded.
You are immune to sickness and miasma.
((Your stone body is resilient. (AC +8)))
You are immune to poison.
You resist negative energy. (rN+)
((You are resistant to electric shocks. (rElec)))
You are resistant to unholy torment.
You are immune to petrification.


Message History

Your +4 mace of Outrage {spect, Will- Int+6 Dex+4} hits Snorg!
You block Snorg's attack. Snorg claws you but does no damage. x2
You block something's attack. Snorg bites you!
Snorg claws you but does no damage. x2; The troll bites you but does no damage.
You block the troll's attack. The troll claws you.
You closely miss Snorg.
Snorg is heavily wounded.
Your +4 mace of Outrage {spect, Will- Int+6 Dex+4} hits Snorg.
You hear some strange, mumbled words.
You are confused.
Snorg closely misses your +4 mace of Outrage {spect, Will- Int+6 Dex+4}.
Snorg completely misses your +4 mace of Outrage {spect, Will- Int+6 Dex+4}.
Snorg claws your +4 mace of Outrage {spect, Will- Int+6 Dex+4}.
Your spectral weapon shares its damage with you!
You completely miss Snorg.
Snorg is heavily wounded.
Your +4 mace of Outrage {spect, Will- Int+6 Dex+4} hits Snorg!
Snorg bites you but does no damage. Snorg claws you but does no damage.
Snorg claws you. The troll bites you but does no damage. The troll claws you!
The troll claws you but does no damage.
You hear some strange, mumbled words.
A magic dart appears from out of thin air!
The magic dart hits you.
You swing at nothing.
Snorg bites you!
* * * LOW HITPOINT WARNING * * *
Snorg claws you but does no damage. Snorg claws you.
* * * LOW HITPOINT WARNING * * *
The troll bites you but does no damage. The troll claws you but does no damage.
The troll claws you.
* * * LOW HITPOINT WARNING * * *
You hear some strange, mumbled words.
You are more confused.
Snorg bites you.
* * * LOW HITPOINT WARNING * * *
Snorg claws you.
* * * LOW HITPOINT WARNING * * *
Snorg claws you!
* * * LOW HITPOINT WARNING * * *
You swing at nothing.
Snorg bites you!
You die...

#.#.# # #.#
. .. #.# #.
#. ...
.##.. ..#
##..
#..######
####.......
......)).##
#.)♣..#
#.TT{..#
#........#
##.....#.#
##..!.# #
##.##. ..#
#. #.# .#


You could see Snorg (berserk) and a troll.

Vanquished Creatures
  Erolcha (D:10)
  2 two-headed ogres (D:9)
  2 centaur zombies
  Joseph (D:9)
  A troll (D:9)
  A wyvern (D:9)
  A wraith (D:9)
  5 yaks (D:8)
  A steam dragon (D:9)
  4 water moccasins
  4 orc warriors
  4 ice beasts
  2 black bears
  2 necrophages (D:6)
  3 sky beasts
  2 centaurs
  5 ogres
  4 kobold brigands
  Blork the orc (D:4)
  2 scorpions
  2 bullfrogs (D:7)
  5 wights (D:9)
  3 howler monkeys
  A bullfrog zombie (D:7)
  3 orc priests
  A centaur skeleton (D:6)
  3 jellies
  A gnoll shaman (D:7)
  A hound (D:5)
  3 bullfrog skeletons
  2 iguanas
  3 orc wizards
  A hound skeleton (D:3)
  A howler monkey zombie (D:8)
  9 gnolls
  A howler monkey skeleton (D:7)
  12 adders
  2 white imps (D:8)
  An adder zombie (D:5)
  2 worms
  3 dart slugs
  39 orcs
  7 ball pythons
  3 bats
  7 endoplasms
  3 giant cockroaches
  7 goblins
  6 hobgoblins
  2 quokkas (D:2)
  2 frilled lizards (D:1)
  13 kobolds
  7 rats
204 creatures vanquished.

Vanquished Creatures (others)
  11 fungi (D:5)
  5 plants (D:1)
  4 toadstools (D:5)
20 creatures vanquished.

Grand Total: 224 creatures vanquished

Notes
Turn   | Place    | Note
-------+----------+-------------------------------------------
     0 | D:1      | freelancePsychic the Gargoyle Fighter began the quest for
                  | the Orb.
     0 | D:1      | Reached XP level 1. HP: 14/14 MP: 1/1
   388 | D:1      | Reached XP level 2. HP: 14/19 MP: 2/2
   640 | D:1      | Found a faded altar of an unknown god.
   679 | D:1      | Reached XP level 3. HP: 23/24 MP: 3/3
  1287 | D:2      | Reached skill level 4 in Fighting
  1287 | D:2      | Reached XP level 4. HP: 24/29 MP: 4/4
  1950 | D:2      | Found a broken altar of Ashenzari.
  2200 | D:3      | Reached XP level 5. HP: 34/34 MP: 5/5
  2776 | D:4      | Noticed a water moccasin
  2794 | D:4      | Killed a water moccasin
  2795 | D:4      | Reached skill level 1 in Evocations
  2795 | D:4      | Reached XP level 6. HP: 5/39 MP: 6/6
  3096 | D:4      | Noticed Blork the orc
  3238 | D:3      | Found a snail-covered altar of Cheibriados.
  3255 | D:4      | Killed Blork the orc
  3572 | D:4      | Reached skill level 5 in Fighting
  3751 | D:4      | Reached skill level 5 in Axes
  4238 | D:5      | Entered Level 5 of the Dungeon
  4243 | D:4      | Reached XP level 7. HP: 41/44 MP: 5/7
  4502 | D:5      | Found a sacrificial altar of Ru.
  4926 | D:5      | Reached skill level 6 in Fighting
  4926 | D:5      | Reached XP level 8. HP: 27/51 MP: 4/8
  5173 | D:5      | Noticed a slime creature
  5173 | D:5      | Noticed a slime creature
  5220 | D:5      | Found a shimmering altar of Xom.
  6178 | D:6      | Reached skill level 7 in Fighting
  6289 | D:6      | Reached XP level 9. HP: 48/57 MP: 7/9
  6576 | D:6      | Reached skill level 1 in Throwing
  6610 | D:6      | Identified the +4 mace of Outrage {spect, Will- Int+6
                  | Dex+4}
  6991 | D:7      | Found a burning altar of Makhleb.
  7010 | D:7      | Reached skill level 1 in Maces & Flails
  7102 | D:7      | Found a staircase to the Ecumenical Temple.
  7326 | D:7      | Reached skill level 8 in Fighting
  7718 | D:8      | Found a shadowy altar of Dithmenos.
  7734 | D:8      | Reached skill level 5 in Maces & Flails
  7734 | D:8      | Reached XP level 10. HP: 56/65 MP: 8/10
  8446 | D:8      | Found a hazy altar of Hepliaklqana.
  8446 | D:8      | Found a sparkling altar of Nemelex Xobeh.
  8462 | D:8      | Reached skill level 9 in Fighting
  8788 | D:8      | Found a stormy altar of Qazlal.
  8871 | D:9      | Noticed a two-headed ogre
  8887 | D:9      | Killed a two-headed ogre
  8990 | D:9      | Found a staircase to the Lair.
  9290 | D:9      | Reached skill level 5 in Evocations
  9473 | D:9      | Noticed Joseph
  9486 | D:9      | Killed Joseph
  9676 | D:9      | Reached XP level 11. HP: 71/72 MP: 11/11
  9755 | D:9      | Found a transporter.
  9847 | D:9      | Noticed pkoi's ghost (journeyman MiGl)
  9847 | D:9      | Noticed a centaur warrior
  9851 | D:9      | Found a transporter.
  9892 | D:9      | Noticed a tengu warrior
  9892 | D:9      | Found the +5 robe of Misfortune {Harm *Corrode *Slow EV+5}
  9904 | D:9      | Noticed a skeletal warrior
  9904 | D:9      | Noticed a centaur warrior
  9904 | D:9      | Noticed a death knight
  9905 | D:9      | Noticed a brown ugly thing
  9951 | D:9      | Noticed a two-headed ogre
  9959 | D:9      | Killed a two-headed ogre
  9960 | D:9      | Reached skill level 1 in Slings
  9985 | D:9      | Noticed a moth of wrath
 10034 | D:10     | Entered Level 10 of the Dungeon
 10078 | D:10     | Noticed Erolcha
 10087 | D:10     | Noticed Snorg
 10089 | D:10     | Killed Erolcha
 10090 | D:10     | Reached skill level 10 in Fighting
 10096 | D:10     | HP: 3/108 [Snorg (6)]
 10097 | D:10     | Slain by Snorg

Illustrated notes

Levels and vault maps discovered:
D:1:      tarquinn_simple_flora_water_a, layout_basic, basic_ecumenical_altar
D:2:      layout_loops_ring, basic_altar, minmay_domino_2
D:3:      layout_basic, nicolae_overflow_hidden_temple
D:4:      layout_cave_pools, gup_sewer_entry_glass, kennysheep_donut,
          corexii_corridor_pit, patterned_corridor, uniq_blork_the_orc
D:5:      cheibrodos_fertilizer, layout_loops_ring, lemuel_crystal_altar,
          amcnicky_altar_gilded
D:6:      layout_basic, hex_medium
D:7:      layout_loops_ring, mainiacjoe_overflow_alcove_1, serial_glass,
          glass_columns_b, glass_columns_b, glass_columns_a, glass_columns_a
D:8:      layout_basic, grunt_qazlal_sundering, jmf_multi_god_temple,
          kennysheep_mini_moat, special_room [special_room_orc]
D:9:      layout_basic, lair_entry_dummy, gammafunk_ghost_arena, minivault_5,
          minivault_12, uniq_joseph
D:10:     layout_loops_ring, old_standard_altar, uniq_snorg, uniq_fannar,
          uniq_erolcha

Skill      XL: |  1  2  3  4  5  6  7  8  9 10 11 |
---------------+----------------------------------+-----
Axes           | 2 3 4 5 6 7 |  7.9
Fighting       | 4 5 6 7 8 9 10 | 10.0
Evocations     | 1 2 3 4 5 |  5.6
Throwing       | 3 |  3.8
Maces & Flails | 5 8 |  8.8
Armour         | 4 |  4.3
Slings         | 1 |  1.6
Shields        | |  3.3

Action                   |  1- 3 |  4- 6 |  7- 9 | 10-12 || total
-------------------------+-------+-------+-------+-------++-------
Melee: War axe           |    79 |   136 |   222 |       ||   437
       Mace              |       |       |    64 |   167 ||   231
 Fire: Hunting sling     |       |       |       |     2 ||     2
Throw: Dart              |       |       |     2 |     5 ||     7
  Use: Potion            |       |     1 |       |     7 ||     8
       Scroll            |       |     1 |     6 |     2 ||     9
 Stab: Distracted        |       |       |     3 |     2 ||     5
       Sleeping          |       |       |       |     1 ||     1
Armor: Scale mail        |    54 |    73 |   125 |    37 ||   289
       Steam dragon scal |       |       |       |     6 ||     6
       Skin              |       |       |       |    36 ||    36
Dodge: Dodged            |    32 |    65 |   197 |    75 ||   369
Block: Buckler           |    15 |    21 |    67 |    46 ||   149
